Map: Ice and Chrome LE

Players

DnS

  • Race: Protoss Protoss
  • Spawn Location: 7:00

Serral - Winner!

  • Race: Zerg Zerg
  • League: Grandmaster
  • Spawn Location: 1:00

Event: DreamHack SC2 Masters 2020 Fall

VOD

Have the link to the VOD?

Description

Time

  • Played on: Sept. 3, 2020, 12:41 p.m.
  • Length: 40:39

All games in this series

Show
View Real Time Build Order
Export as new Build Order

DnS Protoss 

Build Orders: 1 Gate Expand, Oracle Opening, Carriers, Zealot Archon 

Get SALT Encoding   

  12  0:00  Probe  
  13  0:12  Probe  
  14  0:20  Pylon  
  14  0:24  Probe  
  15  0:38  Probe (Chrono Boost)  
  15  0:41  Gateway  
  16  0:48  Probe (Chrono Boost)  
  17  0:50  Assimilator  
  17  0:52  Probe (Chrono Boost)  
  18  1:00  Pylon  
  19  1:04  Probe  
  19  1:16  Probe  
  20  1:28  Nexus  
  20  1:39  Cybernetics Core  
  20  1:44  Zealot  
  22  1:48  Probe  
  23  1:54  Assimilator  
  23  2:02  Pylon  
  23  2:12  Probe  
  23  2:19  Adept (Chrono Boost)  
  25  2:24  Probe  
  25  2:29  Stargate  
  27  2:39  Adept (Chrono Boost)  
  27  2:40  Probe (Chrono Boost)  
  27  2:41  Probe (Chrono Boost)  
  27  2:43  Warp Gate  
  31  2:51  Probe (Chrono Boost)  
  31  2:53  Probe (Chrono Boost)  
  32  3:01  Probe  
  33  3:06  Probe  
  33  3:10  Oracle (Chrono Boost)  
  34  3:13  Probe  
  34  3:18  Probe  
  39  3:23  Gateway  
  39  3:32  Probe  
  40  3:37  Adept  
  40  3:38  Probe  
  40  3:40  Pylon  
  43  3:43  Oracle (Chrono Boost)  
  46  3:50  Pylon  
  46  3:58  Probe x2  
  44  4:10  Probe x2  
  44  4:11  Assimilator  
  44  4:12  Pylon  
  44  4:13  Assimilator  
  46  4:20  Phoenix (Chrono Boost)  
  46  4:22  Probe (Chrono Boost)  
  50  4:25  Robotics Facility  
  50  4:26  Probe (Chrono Boost)  
  50  4:31  Adept x2  
  55  4:33  Probe (Chrono Boost)  
  55  4:37  Probe (Chrono Boost)  
  55  4:38  Probe (Chrono Boost)  
  56  4:42  Pylon  
  57  4:46  Probe  
  57  4:48  Probe  
  59  4:58  Probe  
  63  5:00  Probe  
  64  5:10  Nexus, Probe  
  64  5:11  Pylon  
  64  5:12  Sentry x2, Probe  
  70  5:17  Observer (Chrono Boost)  
  70  5:19  Pylon  
  71  5:24  Probe x2  
  73  5:30  Twilight Council  
  73  5:31  Forge  
  73  5:35  Immortal (Chrono Boost)  
  70  5:40  Probe x2 (Chrono Boost)  
  76  5:47  Sentry x2  
  82  5:51  Probe (Chrono Boost)  
  82  5:53  Probe (Chrono Boost)  
  82  5:54  Protoss Ground Weapons Level 1 (Chrono Boost)  
  82  5:55  Probe (Chrono Boost), Charge (Chrono Boost)  
  82  6:01  Probe  
  84  6:06  Probe  
  84  6:07  Immortal  
  89  6:13  Probe  
  90  6:18  Probe  
  90  6:22  Probe  
  90  6:25  Probe  
  93  6:31  Probe  
  94  6:33  Gateway  
  94  6:34  Gateway  
  94  6:35  Probe  
  94  6:37  Probe  
  96  6:41  Templar Archives, Gateway  
  96  6:42  Gateway  
  96  6:46  Probe  
  98  6:47  Probe  
  98  6:48  Warp Prism, Assimilator  
  98  6:49  Assimilator  
  98  6:53  Gateway  
  100  6:59  Gateway  
  100  7:06  Photon Cannon  
  100  7:07  Photon Cannon  
  100  7:08  Zealot x2  
  100  7:12  Pylon  
  100  7:13  Pylon  
  104  7:16  Probe x2  
  106  7:23  Gateway  
  106  7:24  Gateway  
  106  7:33  High Templar x4  
  114  7:37  Archon  
  114  7:38  Archon, Pylon  
  114  7:39  Zealot x2, Pylon  
  114  7:41  Pylon  
  114  7:50  Protoss Ground Weapons Level 2 (Chrono Boost)  
  114  7:53  Pylon  
  114  7:57  Zealot x3  
  114  7:58  Zealot  
  122  8:00  Nexus  
  122  8:03  Pylon  
  122  8:17  Zealot x3  
  130  8:27  Probe x2  
  130  8:30  Zealot, Nexus  
  130  8:31  High Templar x2  
  130  8:32  High Templar x2  
  140  8:35  Archon x2  
  140  8:38  Probe  
  140  8:39  Shield Battery, Immortal (Chrono Boost), Probe x2  
  143  8:43  Zealot  
  143  8:44  Psionic Storm  
  149  8:50  Photon Cannon, Probe  
  149  8:51  Probe x2  
  149  8:53  Shield Battery  
  149  8:54  Pylon  
  150  9:01  High Templar x4  
  158  9:02  Assimilator  
  158  9:05  Assimilator, Photon Cannon  
  158  9:10  Pylon  
  158  9:25  Fleet Beacon  
  158  9:26  Stargate  
  158  9:30  Zealot x4  
  166  9:35  Stargate  
  166  9:52  Protoss Air Weapons Level 1 (Chrono Boost)  
  166  10:04  Photon Cannon  
  166  10:05  Photon Cannon  
  166  10:08  Carrier x2 (Chrono Boost)  
  174  10:17  Zealot x7  
  174  10:18  Zealot x3  
  194  10:21  Protoss Ground Weapons Level 3  
  194  10:27  Carrier (Chrono Boost)  
  184  10:40  Probe x3  
  173  10:47  High Templar  
  170  11:02  Mothership (Chrono Boost)  
  175  11:12  Pylon, Probe x2 (Chrono Boost)  
  175  11:13  Carrier (Chrono Boost)  
  175  11:17  Pylon  
  179  11:22  High Templar x2  
  183  11:38  Carrier (Chrono Boost)  
  181  11:42  Carrier (Chrono Boost)  
  188  11:47  Zealot x3  
  188  11:49  Zealot x4  
  199  11:57  Photon Cannon  
  199  11:59  Photon Cannon x2  
  199  12:02  Photon Cannon  
  199  12:06  Protoss Air Weapons Level 2 (Chrono Boost)  
  193  12:10  Archon  
  185  12:20  Oracle (Chrono Boost)  
  183  12:26  Stargate  
  183  12:27  Stargate  
  186  12:39  Nexus  
  186  12:42  Zealot  
  186  12:43  Carrier (Chrono Boost)  
  186  12:49  Photon Cannon  
  186  12:50  Photon Cannon  
  191  12:52  High Templar x2, Photon Cannon  
  191  12:54  Photon Cannon  
  193  13:08  Dark Shrine  
  191  13:17  Protoss Shields Level 1 (Chrono Boost)  
  191  13:26  Assimilator, Carrier  
  193  13:27  Pylon  
  193  13:29  Assimilator, Shield Battery  
  193  13:30  Shield Battery  
  191  13:45  Carrier  
  197  14:07  Photon Cannon  
  197  14:09  Photon Cannon x2  
  195  14:10  High Templar x2  
  195  14:11  Photon Cannon  
  199  14:19  Shield Battery x2  
  199  14:22  Shield Battery  
  199  14:25  Protoss Air Weapons Level 3 (Chrono Boost), Pylon  
  199  14:30  Shadow Stride  
  195  14:37  Gateway x2  
  191  14:39  Photon Cannon  
  191  14:40  Gateway, Photon Cannon  
  191  14:41  Gateway  
  191  14:42  Photon Cannon  
  191  14:44  Photon Cannon  
  191  14:45  Photon Cannon  
  191  14:47  Shield Battery, Dark Templar x2  
  191  14:48  Dark Templar x2  
  191  14:49  Shield Battery  
  191  14:51  Shield Battery  
  199  14:52  Photon Cannon  
  199  15:30  Carrier x2 (Chrono Boost)  
  197  15:50  Nexus  
  197  15:53  Carrier (Chrono Boost)  
  199  16:03  Carrier (Chrono Boost)  
  199  16:06  Warp Prism (Chrono Boost), Protoss Shields Level 2  
  195  16:26  Pylon  
  195  16:27  Pylon  
  189  16:35  Observer  
  189  16:39  Carrier x2 (Chrono Boost)  
  196  16:55  Protoss Air Armor Level 1 (Chrono Boost)  
  196  17:12  Nexus  
  196  17:23  Pylon  
  196  17:24  Pylon  
  196  17:26  Stargate  
  196  17:27  Stargate  
  196  17:30  Photon Cannon  
  196  17:31  Photon Cannon  
  196  17:33  Photon Cannon  
  195  17:40  Dark Templar x2  
  199  17:55  Nexus  
  199  17:56  Pylon  
  193  18:19  Zealot x9  
  191  18:40  Void Ray x2 (Chrono Boost)  
  183  18:46  Void Ray x3 (Chrono Boost)  
  195  18:58  Protoss Shields Level 3 (Chrono Boost), High Templar x3  
  195  19:02  Photon Cannon  
  195  19:04  Photon Cannon  
  195  19:05  Assimilator, Shield Battery  
  195  19:07  Shield Battery, Protoss Air Armor Level 2 (Chrono Boost)  
  195  19:08  Dark Templar  
  195  19:12  Assimilator, Void Ray (Chrono Boost)  
  195  19:16  Archon  
  199  19:20  High Templar  
  199  19:39  Photon Cannon  
  199  19:40  Pylon  
  197  19:53  Nexus  
  197  19:54  Pylon  
  197  19:55  High Templar  
  197  19:58  Warp Prism (Chrono Boost)  
  200  20:17  Photon Cannon  
  200  20:18  Photon Cannon  
  200  20:21  Photon Cannon  
  200  20:22  Assimilator  
  200  20:23  Assimilator  
  186  20:44  High Templar x2  
  186  20:47  Zealot x4  
  186  20:48  Zealot x3  
  200  20:52  Shield Battery  
  200  20:53  Shield Battery  
  184  21:33  Dark Templar  
  184  21:34  Zealot x7  
  198  21:50  Protoss Air Armor Level 3 (Chrono Boost)  
  198  21:51  High Templar  
  198  21:52  Zealot x2  
  198  21:53  Zealot  
  198  21:54  Photon Cannon  
  198  21:56  Photon Cannon  
  198  21:59  Shield Battery, Photon Cannon  
  190  22:30  Carrier (Chrono Boost)  
  198  22:38  Carrier (Chrono Boost)  
  198  22:47  Dark Templar  
  200  23:04  Nexus  
  200  23:10  Pylon  
  192  23:18  Carrier (Chrono Boost)  
  198  23:22  Dark Templar  
  198  23:30  Photon Cannon  
  198  23:31  Photon Cannon  
  198  23:33  Photon Cannon  
  198  23:34  Shield Battery  
  198  23:35  Shield Battery  
  198  23:38  Shield Battery  
  198  23:41  Pylon  
  198  23:43  Photon Cannon  
  198  23:44  Photon Cannon  
  196  23:55  Carrier (Chrono Boost)  
  196  24:06  Observer  
  196  24:09  Dark Templar  
  199  24:31  Pylon  
  196  25:07  Nexus  
  196  25:08  Pylon  
  196  25:12  Photon Cannon  
  196  25:13  Photon Cannon  
  196  25:15  Photon Cannon  
  196  25:16  Photon Cannon  
  195  25:33  Zealot x2  
  199  25:48  Photon Cannon  
  195  25:50  Photon Cannon  
  195  25:52  Photon Cannon  
  195  25:53  Photon Cannon  
  195  25:54  Photon Cannon  
  195  25:55  Photon Cannon  
  195  25:59  Shield Battery  
  195  26:00  Shield Battery  
  195  26:01  Dark Templar  
  195  26:02  Pylon  
  197  26:04  Pylon  
  197  26:08  Assimilator  
  197  26:09  Assimilator  
  195  26:19  Dark Templar x2  
  193  26:29  Carrier  
  199  26:45  Nexus  
  197  26:49  Void Ray  
  193  27:00  Void Ray, Nexus  
  199  27:13  Photon Cannon  
  199  27:14  Photon Cannon  
  199  27:26  Photon Cannon  
  199  27:27  Photon Cannon  
  195  27:38  Dark Templar x3  
  198  27:53  Mothership (Chrono Boost)  
  188  27:59  Void Ray x2  
  188  28:00  Void Ray  
  194  28:58  Gateway  
  194  28:59  Gateway  
  194  29:00  Gateway  
  194  29:08  Gateway  
  194  29:09  Gateway  
  194  29:10  Gateway  
  194  29:13  Gateway  
  194  29:19  Dark Templar x3  
  194  29:23  Observer  
  194  29:42  Zealot x2, Dark Templar  
  200  29:52  Zealot  
  193  30:09  Carrier (Chrono Boost)  
  187  30:38  Carrier (Chrono Boost)  
  195  30:48  Carrier (Chrono Boost)  
  193  30:50  Carrier (Chrono Boost)  
  197  31:12  Mothership (Chrono Boost)  
  197  31:24  Dark Templar  
  199  31:27  Nexus  
  199  31:44  Pylon  
  199  31:53  Carrier x2 (Chrono Boost)  
  185  32:06  Photon Cannon  
  191  32:12  Carrier (Chrono Boost)  
  195  32:16  Carrier (Chrono Boost)  
  194  32:53  Carrier (Chrono Boost)  
  187  33:44  Carrier x2 (Chrono Boost)  
  187  33:47  Warp Prism (Chrono Boost)  
  195  34:38  Nexus  
  195  34:49  Dark Templar x2  
  172  35:32  Stalker x4  
  172  35:34  Carrier (Chrono Boost)  
  172  35:35  Carrier x2 (Chrono Boost)  
  166  35:38  Carrier x2 (Chrono Boost)  
  196  35:50  High Templar x2  
  198  36:01  Blink  
  198  36:09  High Templar  
  196  36:21  Warp Prism (Chrono Boost)  
  194  36:32  Dark Templar x4  
  198  36:38  Archon x2  
  198  36:46  Carrier  
  186  36:56  Mothership (Chrono Boost)  
  200  37:54  Void Ray x2 (Chrono Boost)  
  200  37:58  Void Ray (Chrono Boost)  
  194  38:42  Void Ray x2  
  194  39:00  High Templar  
  188  39:04  Zealot x3  
  188  39:05  Zealot x3  
  160  40:13  High Templar x6  
  160  40:14  High Templar x7  
  136  40:25  Archon x2  
  136  40:26  Archon x4  
Show
View Real Time Build Order
Export as new Build Order

Serral Zerg - Winner!

Build Orders: Pool First, Lurkers, Roach Hydra 

Get SALT Encoding   

  12  0:03  Drone  
  13  0:15  Overlord  
  13  0:17  Drone  
  14  0:33  Drone x2  
  16  0:41  Spawning Pool  
  15  0:44  Drone  
  16  0:50  Drone  
  17  1:01  Extractor  
  16  1:10  Drone  
  17  1:20  Hatchery  
  16  1:28  Zergling x2  
  16  1:29  Zergling x2  
  16  1:30  Zergling x2  
  19  1:40  Queen  
  21  1:47  Overlord  
  21  1:54  Drone  
  22  2:03  Metabolic Boost  
  22  2:05  Drone  
  23  2:15  Drone  
  24  2:17  Queen  
  26  2:24  Drone  
  27  2:32  Drone  
  27  2:33  Queen  
  30  2:40  Drone  
  31  2:46  Drone x2  
  31  2:50  Overlord  
  33  2:53  Drone  
  33  2:57  Drone  
  35  3:02  Drone  
  35  3:15  Drone x4, Extractor  
  38  3:21  Queen  
  40  3:30  Zergling x2, Hatchery  
  40  3:31  Zergling x2  
  41  3:36  Overlord  
  41  3:38  Drone  
  42  3:41  Spore Crawler  
  42  3:42  Drone  
  42  3:45  Drone  
  42  3:47  Drone  
  44  3:55  Spore Crawler  
  44  3:56  Zergling x4  
  44  4:04  Drone x4  
  44  4:08  Drone  
  47  4:10  Drone  
  47  4:12  Drone  
  49  4:18  Overlord  
  49  4:21  Drone x2  
  51  4:29  Overlord  
  51  4:35  Overlord  
  51  4:37  Drone x3  
  54  4:39  Zergling x2  
  54  4:40  Zergling x2  
  54  4:43  Queen  
  59  4:45  Drone  
  59  4:46  Drone  
  59  4:47  Drone  
  59  4:57  Roach Warren, Spore Crawler  
  54  5:00  Drone x3  
  54  5:02  Drone  
  54  5:03  Drone  
  54  5:06  Drone  
  54  5:07  Drone  
  54  5:10  Queen  
  54  5:11  Drone  
  59  5:17  Drone x3  
  62  5:21  Drone x3  
  62  5:27  Lair  
  65  5:29  Drone x3  
  65  5:33  Extractor  
  65  5:34  Spore Crawler  
  67  5:35  Drone  
  67  5:36  Drone  
  67  5:40  Drone  
  69  5:46  Drone x4, Evolution Chamber, Extractor  
  69  5:49  Overlord  
  71  5:56  Overlord  
  71  5:57  Overlord  
  71  6:00  Roach  
  71  6:01  Overlord  
  71  6:03  Overlord  
  73  6:05  Overlord  
  73  6:10  Roach x2  
  77  6:15  Zerg Missile Weapons Level 1  
  75  6:20  Drone x4, Hatchery  
  75  6:23  Drone x2  
  75  6:24  Drone  
  75  6:25  Drone  
  82  6:32  Overlord  
  82  6:33  Roach x3  
  82  6:36  Extractor  
  82  6:37  Roach x2  
  91  6:46  Drone x2  
  93  6:47  Drone  
  93  6:49  Extractor  
  93  6:50  Overseer  
  93  6:53  Infestation Pit  
  93  6:54  Drone x7  
  99  6:55  Extractor  
  98  7:01  Overlord  
  98  7:03  Roach  
  98  7:06  Roach x4  
  108  7:12  Overlord  
  108  7:13  Pneumatized Carapace, Overlord  
  108  7:14  Glial Reconstitution  
  108  7:19  Overlord  
  108  7:22  Hydralisk Den  
  107  7:26  Roach x2, Zergling x2  
  107  7:27  Zergling x4  
  113  7:33  Queen  
  113  7:36  Roach x5  
  125  7:42  Ravager  
  125  7:43  Ravager  
  127  7:47  Ravager  
  127  7:48  Roach, Zergling x14  
  137  7:52  Ravager  
  137  7:56  Roach x3  
  143  8:07  Roach x4  
  149  8:15  Ravager  
  149  8:17  Drone x11  
  149  8:19  Hive  
  160  8:28  Drone  
  160  8:29  Drone x6  
  160  8:30  Lurker Den  
  166  8:34  Overlord  
  166  8:35  Extractor, Overlord  
  166  8:37  Extractor  
  166  8:38  Overlord  
  164  8:42  Grooved Spines  
  164  8:45  Overlord  
  164  8:53  Drone x2  
  164  8:54  Drone, Overlord  
  164  8:55  Overseer  
  165  9:00  Hatchery  
  165  9:02  Hydralisk x4  
  172  9:05  Zerg Missile Weapons Level 2  
  172  9:08  Evolution Chamber  
  171  9:10  Hydralisk x3  
  171  9:15  Hydralisk x2  
  178  9:26  Overlord  
  178  9:28  Overseer  
  178  9:32  Seismic Spines  
  178  9:34  Zerg Ground Armor Level 1  
  178  9:35  Drone x7  
  178  9:36  Drone  
  186  9:38  Lurker  
  186  9:39  Lurker  
  186  9:43  Extractor  
  186  9:46  Extractor  
  186  9:52  Hydralisk x3  
  191  9:53  Zergling x6, Muscular Augments  
  194  10:04  Spine Crawler  
  194  10:06  Spore Crawler  
  192  10:16  Lurker x3  
  192  10:20  Hydralisk x2  
  192  10:21  Hydralisk  
  195  10:29  Adaptive Talons  
  184  10:37  Drone x2  
  184  10:38  Drone  
  184  10:41  Hydralisk x9  
  184  10:42  Hydralisk x3  
  199  10:50  Overlord x2  
  199  10:53  Overlord  
  199  10:54  Overseer  
  199  10:58  Overlord  
  193  11:05  Hatchery  
  193  11:09  Lurker, Overlord  
  193  11:10  Lurker x3  
  179  11:12  Lurker  
  179  11:14  Drone x3  
  179  11:15  Hydralisk x5, Spine Crawler  
  179  11:16  Spine Crawler x2  
  190  11:19  Lurker  
  190  11:20  Lurker x2  
  190  11:23  Drone x2  
  190  11:24  Drone x2  
  197  11:37  Hydralisk x2  
  199  11:40  Overlord, Overseer  
  199  11:43  Spire  
  199  11:44  Spire  
  187  11:54  Hydralisk  
  181  12:11  Hydralisk x9  
  199  12:20  Hydralisk x4  
  197  12:23  Zerg Ground Armor Level 2, Zerg Missile Weapons Level 3  
  197  12:24  Overseer x3  
  197  12:27  Drone x3  
  200  12:36  Extractor  
  199  12:37  Overseer  
  199  12:38  Extractor  
  199  12:40  Spore Crawler  
  199  12:42  Hydralisk x7, Swarm Host  
  199  12:58  Drone x2  
  199  12:59  Zerg Flyer Armor Level 1, Zerg Flyer Weapons Level 1, Hatchery  
  193  13:19  Drone x3, Extractor  
  196  13:20  Drone x3, Extractor  
  196  13:23  Hydralisk  
  199  13:37  Spore Crawler x3  
  199  13:38  Spore Crawler  
  199  13:39  Spore Crawler  
  192  13:55  Overseer  
  177  14:02  Corruptor x12  
  170  14:06  Viper x2  
  170  14:07  Corruptor x3  
  194  14:10  Drone x3  
  194  14:16  Spore Crawler  
  194  14:17  Spore Crawler  
  194  14:20  Overlord  
  194  14:22  Lurker, Overseer  
  194  14:23  Overseer  
  191  14:28  Spore Crawler  
  190  14:32  Burrow  
  190  14:33  Pathogen Glands  
  190  14:36  Overseer x2  
  190  14:37  Spore Crawler  
  189  14:39  Spore Crawler x2  
  189  14:40  Drone x3, Spore Crawler  
  189  14:43  Drone x2, Spore Crawler  
  189  14:45  Lurker x5  
  195  14:53  Zerg Flyer Weapons Level 2  
  195  14:54  Greater Spire  
  195  14:55  Zerg Melee Weapons Level 1  
  195  15:00  Zerg Ground Armor Level 3  
  195  15:01  Adrenal Glands  
  195  15:07  Spine Crawler x2  
  195  15:08  Drone x4, Spine Crawler  
  195  15:09  Drone x4, Spine Crawler  
  199  15:20  Spine Crawler, Spore Crawler  
  197  15:21  Spine Crawler  
  196  15:43  Drone x4  
  200  15:53  Spore Crawler  
  200  15:55  Drone, Spore Crawler  
  199  16:01  Spore Crawler x2  
  199  16:02  Spore Crawler  
  196  16:08  Zerg Flyer Armor Level 2  
  192  16:41  Spore Crawler x2  
  192  16:42  Spore Crawler x2  
  192  16:43  Spore Crawler  
  192  16:46  Corruptor x5, Viper  
  197  16:58  Lurker x3  
  200  17:06  Zerg Melee Weapons Level 2  
  200  17:11  Hatchery  
  199  17:27  Zerg Flyer Weapons Level 3  
  199  17:43  Corruptor, Baneling Nest  
  200  17:48  Drone x8  
  197  17:53  Spore Crawler  
  197  17:54  Drone x3, Spore Crawler  
  197  17:55  Drone  
  196  18:02  Spine Crawler, Spore Crawler  
  194  18:09  Corruptor x4  
  174  18:34  Corruptor x8  
  171  18:50  Infestor x2  
  171  18:51  Infestor, Hydralisk  
  171  18:52  Hydralisk x7  
  191  18:56  Hydralisk  
  191  18:57  Hydralisk x2  
  191  18:59  Drone x4  
  197  19:08  Hatchery  
  197  19:09  Zerg Flyer Armor Level 3  
  196  19:13  Lurker x2  
  198  19:23  Drone x3, Lurker x2  
  200  19:30  Drone  
  200  19:31  Drone x2  
  197  19:34  Drone  
  198  19:44  Infestor  
  196  20:02  Infestor x2  
  200  20:17  Spore Crawler  
  200  20:18  Spore Crawler  
  200  20:19  Spore Crawler  
  200  20:20  Spore Crawler x4  
  152  20:36  Overseer  
  143  20:46  Viper x4  
  143  20:47  Infestor x3  
  143  20:48  Infestor x2  
  143  20:49  Hydralisk x6  
  171  20:52  Lurker  
  182  20:57  Brood Lord x8  
  182  20:58  Infestor x2  
  182  21:00  Corruptor  
  200  21:14  Extractor x2, Overseer  
  200  21:18  Lurker x2  
  200  21:24  Extractor  
  199  21:26  Extractor  
  199  21:32  Drone x2  
  200  21:34  Hydralisk x2  
  194  21:59  Hydralisk x3  
  200  22:02  Zerg Melee Weapons Level 3  
  200  22:11  Viper, Overseer  
  200  22:47  Hatchery  
  199  23:04  Overseer  
  199  23:16  Overlord  
  199  23:17  Overseer  
  199  23:18  Corruptor  
  199  23:37  Drone  
  199  23:40  Spore Crawler  
  199  23:44  Drone  
  199  23:46  Spore Crawler  
  199  23:47  Spore Crawler x2  
  199  23:48  Drone x3  
  200  23:49  Spore Crawler x3  
  200  23:50  Spore Crawler  
  196  23:56  Drone x3  
  199  24:20  Spore Crawler  
  199  24:21  Spore Crawler  
  199  24:22  Drone x4, Spore Crawler  
  199  24:23  Spore Crawler  
  199  24:26  Extractor  
  199  24:28  Extractor  
  199  24:30  Spore Crawler x2  
  199  24:31  Spore Crawler  
  194  24:32  Spore Crawler  
  194  24:35  Drone  
  193  24:43  Corruptor x4  
  200  26:12  Spore Crawler  
  196  26:34  Corruptor  
  196  26:37  Lurker x2  
  196  26:39  Drone x8  
  195  26:53  Spore Crawler  
  192  26:58  Hatchery  
  191  27:05  Drone x5  
  191  27:07  Drone x2  
  198  27:11  Lurker x3, Hydralisk x2  
  199  27:19  Spore Crawler x2  
  197  27:28  Hydralisk  
  197  27:29  Zergling x2  
  200  27:35  Overseer  
  200  28:03  Corruptor  
  199  28:10  Overseer  
  199  28:28  Overseer  
  199  28:31  Spire  
  199  28:33  Infestor  
  200  28:56  Spine Crawler  
  199  29:06  Drone  
  200  29:10  Spore Crawler x2  
  200  29:11  Spore Crawler  
  200  29:12  Drone x2, Spore Crawler  
  200  29:13  Drone x2, Spore Crawler  
  200  29:14  Drone, Spore Crawler x2  
  200  29:16  Drone x2  
  200  29:42  Overseer x3  
  200  29:52  Greater Spire  
  199  30:06  Drone x14  
  199  30:13  Overseer  
  199  30:14  Overseer x2  
  196  30:44  Corruptor x2  
  200  31:12  Hatchery  
  199  31:20  Hatchery  
  199  31:22  Hydralisk  
  200  31:28  Spore Crawler  
  195  32:09  Hydralisk x2  
  199  32:18  Hatchery  
  199  33:10  Spore Crawler  
  199  33:12  Spore Crawler x5  
  193  33:13  Drone  
  193  33:14  Drone  
  193  33:15  Brood Lord  
  193  33:16  Corruptor  
  193  33:17  Corruptor, Spore Crawler  
  193  33:18  Spore Crawler  
  193  33:19  Spore Crawler  
  193  33:57  Corruptor x3  
  199  34:10  Extractor  
  199  34:12  Extractor  
  192  34:29  Zergling x6  
  192  34:30  Zergling x10  
  187  35:15  Corruptor x7  
  173  35:34  Corruptor  
  173  35:35  Corruptor x2  
  177  35:36  Overlord x3  
  177  35:37  Overlord x4  
  177  35:41  Zergling x2  
  178  35:45  Overseer  
  178  35:55  Zergling x12  
  178  35:56  Zergling x6, Hatchery  
  186  35:59  Infestor x6  
  186  36:01  Corruptor x2  
  200  36:09  Overseer  
  198  36:34  Zergling x4  
  200  37:12  Hatchery  
  199  37:22  Spore Crawler x2  
  197  37:59  Corruptor  
  199  38:26  Extractor  
  198  38:27  Extractor  
  198  38:28  Drone x3  
  200  38:37  Hatchery  
  199  38:59  Viper  
  199  39:21  Drone x3  
  199  39:23  Drone x7  
  186  40:09  Corruptor x7  

Tags
 
Add a new tag
Caveats
  • Supply blocks, unpowered buildings, or Contaminate may cause inaccurate times.
  • Supply counts are checked every 10 seconds.